[Event "December 12 Late 2023"]
[Site "https://www.chess.com"]
[Date "2023.12.12"]
[Round "4"]
[White "Shuvalova, Polina"]
[Black "Yoo, Christopher Woojin"]
[Result "0-1"]
[Board "20"]
[TimeControl "180+1"]
[WhiteFideId "24171760"]
[BlackFideId "30909694"]
[WhiteElo "2734"]
[BlackElo "3005"]
[WhiteTeam "RUS"]
[BlackTeam "USA"]
[WhiteClock "0:00:02"]
[BlackClock "0:00:05"]

1. e4 e5 2. Nf3 Nc6 3. Nc3 Nf6 4. Bb5 Bb4 5. O-O O-O 6. d3 Bxc3 7. bxc3 d6 8. Re1 Ne7 9. d4 Ng6 10. dxe5 dxe5 11. Ba3 Bg4 12. Bxf8 Qxf8 13. h3 Rd8 14. Qe2 Nf4 15. Qe3 Bxf3 16. Qxf3 c6 17. Bf1 Rd2 18. g3 Ne6 19. Re2 Rd8 20. h4 Nc5 21. Ree1 h5 22. Rad1 Re8 23. Bc4 Qe7 24. Kg2 g6 25. a3 Kg7 26. Re3 a5 27. Qe2 b5 28. Ba2 Na4 29. Bb3 Nb6 30. Rf3 a4 31. Ba2 Qxa3 32. Qe3 Qxa2 33. Qxb6 Qe6 34. Re3 Ra8 35. Qb7 Qc8 36. Qxc8 Rxc8 37. f3 Kf8 38. Kf2 Ke7 39. Ke2 Nd7 40. Red3 Nb6 41. f4 Rc7 42. Kf3 Nc4 43. Ra1 Ra7 44. f5 gxf5 45. exf5 Nd6 46. Re3 Kf6 47. Rae1 Nc4 48. Rd3 Kxf5 49. Rd8 a3 50. Rh8 a2 51. Ra1 Kg6 52. Rg8+ Kh7 53. Rg5 Kh6 54. Ke4 f6 55. Rg8 Kh7 56. Rc8 Nd6+ 57. Kd3 Nxc8 58. c4 b4 59. c5 f5 60. Kc4 Ne7 61. Kxb4 Nd5+ 62. Kc4 e4 63. Kd4 Ra4+ 64. Ke5 Kg6 65. Kd6 Ra6 66. c4 Nb4 67. Kc7 e3 68. Kb7 e2 69. Re1 a1=Q 0-1

[Event "December 12 Late 2023"]
[Site "https://www.chess.com"]
[Date "2023.12.12"]
[Round "4"]
[White "Makarian, Rudik"]
[Black "Sai Krishna G V"]
[Result "1-0"]
[Board "21"]
[TimeControl "180+1"]
[WhiteFideId "44105681"]
[BlackFideId "5028280"]
[WhiteElo "2928"]
[BlackElo "2718"]
[WhiteTeam "FID"]
[BlackTeam "IND"]
[WhiteClock "0:00:10"]
[BlackClock "0:00:11"]

1. d4 Nf6 2. c4 e6 3. Nf3 b6 4. g3 Ba6 5. b3 d5 6. Bg2 Be7 7. O-O O-O 8. Bb2 Nbd7 9. Nbd2 Rc8 10. Ne5 c5 11. cxd5 Nxd5 12. Ndc4 Bf6 13. Nxd7 Qxd7 14. dxc5 Bxc4 15. bxc4 Bxb2 16. Rb1 Ba3 17. cxd5 Bxc5 18. Qb3 e5 19. e4 f5 20. Bh3 g6 21. Rbc1 Qd6 22. Qd3 Rce8 23. Rce1 f4 24. Kg2 Rf6 25. f3 Ref8 26. Qb5 Kg7 27. Qd7+ Qxd7 28. Bxd7 g5 29. g4 Be3 30. Re2 R6f7 31. Bf5 Rc7 32. h4 gxh4 33. Rh1 h6 34. Rxh4 Rc1 35. Kh2 Bg1+ 36. Kh3 Be3 37. Kg2 Rf6 38. Rh1 Rc5 39. Kh3 Rf7 40. Kg2 Rfc7 41. Rhe1 a5 42. d6 Ra7 43. d7 Ra8 44. Rd1 Rd8 45. Rd6 Rc1 46. Rg6+ Kf7 47. Rxh6 Rh1 48. Rxh1 Ke7 49. Rh7+ Kd6 50. Rh6+ Kc7 51. Rc2+ Kb7 52. Rhc6 Bc5 53. Rc8 Ka6 54. Rxd8 Kb5 55. Ra8 Bb4 56. d8=Q Ka4 57. Qd5 b5 58. Qb3# 1-0

[Event "December 12 Late 2023"]
[Site "https://www.chess.com"]
[Date "2023.12.12"]
[Round "4"]
[White "Onyshchuk, Volodymyr"]
[Black "Grabinsky, Aaron"]
[Result "1-0"]
[Board "22"]
[TimeControl "180+1"]
[WhiteFideId "14114038"]
[BlackFideId "2087090"]
[WhiteElo "2713"]
[BlackElo "2896"]
[WhiteTeam "UKR"]
[BlackTeam "USA"]
[WhiteClock "0:00:13"]
[BlackClock "0:00:38"]

1. e4 e6 2. d4 d5 3. Bd3 Nc6 4. Nf3 Nb4 5. Nc3 Nf6 6. Bg5 Be7 7. O-O Nxd3 8. cxd3 c6 9. h3 b6 10. Qa4 Bb7 11. Bxf6 Bxf6 12. exd5 exd5 13. Rfe1+ Kf8 14. Ne5 Qd6 15. Re3 g6 16. Rae1 Kg7 17. Ne2 Bg5 18. f4 Bh4 19. g3 Bf6 20. f5 Bg5 21. Rf3 f6 22. Nf4 Bxf4 23. gxf4 b5 24. Qc2 Bc8 25. fxg6 hxg6 26. Qxc6 Qxc6 27. Nxc6 Rxh3 28. Re7+ Kh6 29. Rxh3+ Bxh3 30. Rxa7 Rc8 31. Ne7 Rc1+ 32. Kh2 Be6 33. Ra6 Re1 34. Kg3 Kh5 35. Kf2 Rd1 36. Rxe6 Rxd3 37. Nxd5 Rxd4 38. Nxf6+ Kh4 39. Ke3 Rd1 40. Ne4 Re1+ 41. Kf3 Rb1 42. Rxg6 Rxb2 43. Rh6# 1-0

[Event "December 12 Late 2023"]
[Site "https://www.chess.com"]
[Date "2023.12.12"]
[Round "4"]
[White "Sanchez Enriquez, Oscar Gerardo"]
[Black "Yuan, Qingyu"]
[Result "1-0"]
[Board "23"]
[TimeControl "180+1"]
[WhiteFideId "5106311"]
[BlackFideId "8609772"]
[WhiteElo "2507"]
[BlackElo "2796"]
[WhiteTeam "MEX"]
[BlackTeam "CHN"]
[WhiteClock "0:00:12"]
[BlackClock "0:00:05"]

1. e4 e5 2. Bc4 Nf6 3. d3 Nc6 4. Nc3 Na5 5. Bb3 Bc5 6. Nf3 d6 7. h3 c6 8. Be3 Bxe3 9. fxe3 O-O 10. O-O Qe7 11. Qe1 Nxb3 12. axb3 d5 13. exd5 Nxd5 14. Nxd5 cxd5 15. Kh1 f6 16. e4 d4 17. c4 dxc3 18. bxc3 Be6 19. b4 Rfd8 20. Qe3 a6 21. d4 exd4 22. Nxd4 Bd7 23. Rae1 Re8 24. Rf3 Kh8 25. Qf2 Qd6 26. Rfe3 b6 27. Nf3 Rf8 28. Qh4 Rae8 29. e5 Qb8 30. e6 Bc6 31. Nd4 Ba8 32. Nf5 g6 33. e7 Rf7 34. Nh6 Bd5 35. Nxf7+ Bxf7 36. Qxf6+ Kg8 37. Rf1 Bc4 38. Rf4 Bd5 39. Qf8+ Rxf8 40. exf8=Q+ Qxf8 41. Rxf8+ Kxf8 42. Kh2 Kf7 43. Kg3 a5 44. bxa5 bxa5 45. Re5 Be6 46. Rxa5 Kf6 47. Kf4 h6 48. h4 Bf5 49. g4 Be6 50. g5+ hxg5+ 51. hxg5+ Ke7 52. Ke5 Bd7 53. Ra7 Ke8 54. Kf6 Bf5 55. Rg7 Kf8 56. Rxg6 Bxg6 57. Kxg6 Kg8 58. Kf6 Kh8 59. c4 Kh7 60. c5 Kh8 61. c6 Kg8 62. c7 Kh7 63. g6+ Kh6 64. c8=Q Kh5 65. Qc4 Kh6 66. Qh4# 1-0

[Event "December 12 Late 2023"]
[Site "https://www.chess.com"]
[Date "2023.12.12"]
[Round "4"]
[White "Mesquita, Eduardo Barbosa"]
[Black "Wieczorek, Oskar"]
[Result "0-1"]
[Board "24"]
[TimeControl "180+1"]
[WhiteFideId "22757163"]
[BlackFideId "1133950"]
[WhiteElo "2407"]
[BlackElo "2772"]
[WhiteTeam "BRA"]
[BlackTeam "POL"]
[WhiteClock "0:00:01"]
[BlackClock "0:00:36"]

1. e4 c5 2. Nf3 e6 3. d4 cxd4 4. Nxd4 Nf6 5. Nc3 d6 6. f3 a6 7. Be3 h5 8. Qd2 Nbd7 9. O-O-O b5 10. Kb1 Bb7 11. Bd3 Be7 12. Rhg1 Rc8 13. a3 Ne5 14. Qe2 Rxc3 15. bxc3 Qa5 16. Nb3 Qxc3 17. Bd2 Qc8 18. Na5 Ba8 19. g4 hxg4 20. fxg4 Nfd7 21. Bb4 Nb6 22. Bxb5+ axb5 23. Qxb5+ Nbd7 24. Rd2 Qc7 25. Rgd1 O-O 26. Qe2 Rb8 27. Nb3 Nc4 28. Rd4 Nde5 29. Ka2 Qa7 30. Ra1 Rxb4 31. c3 Qxa3+ 32. Kb1 Rxb3+ 0-1

[Event "December 12 Late 2023"]
[Site "https://www.chess.com"]
[Date "2023.12.12"]
[Round "4"]
[White "Ambartsumova, Karina"]
[Black "Carlsen, Magnus"]
[Result "0-1"]
[Board "25"]
[TimeControl "180+1"]
[WhiteFideId "4166299"]
[BlackFideId "1503014"]
[WhiteElo "2617"]
[BlackElo "3317"]
[WhiteTeam "RUS"]
[BlackTeam "NOR"]
[WhiteClock "0:00:00"]
[BlackClock "0:01:05"]

1. d4 d5 2. c4 Nf6 3. cxd5 c5 4. dxc5 Qxd5 5. Qxd5 Nxd5 6. e4 Nb4 7. Na3 e5 8. Be3 Be6 9. Nf3 f6 10. b3 Nd7 11. Bb5 Rc8 12. Ke2 Bxc5 13. Rhc1 b6 14. Bxc5 bxc5 15. Nc4 Ke7 16. Na5 a6 17. Bc4 Bxc4+ 18. Rxc4 Rc7 19. a3 Nc6 20. Nxc6+ Rxc6 21. Rac1 Rd6 22. Ne1 Rb8 23. R1c3 Rd4 24. Nd3 Rxb3 25. Rxb3 Rxc4 26. Rb7 Kd6 27. Ra7 Rxe4+ 28. Kf3 Rd4 29. Rxa6+ Kd5 30. Ke3 g5 31. f3 e4 32. fxe4+ Rxe4+ 33. Kd2 Rd4 34. Ke3 Ne5 35. Nxe5 fxe5 36. a4 Rb4 37. a5 Rb3+ 38. Kf2 Ra3 39. Ra8 Kd4 40. a6 Ra2+ 41. Kf3 e4+ 42. Kg3 e3 43. a7 Kc3 44. Rc8 Rxa7 45. Rxc5+ Kd4 46. Rxg5 Re7 47. Rg4+ Kd3 0-1

[Event "December 12 Late 2023"]
[Site "https://www.chess.com"]
[Date "2023.12.12"]
[Round "4"]
[White "Mirzoev, Azer"]
[Black "Fedoseev, Vladimir"]
[Result "0-1"]
[Board "26"]
[TimeControl "180+1"]
[WhiteFideId "13400304"]
[BlackFideId "24130737"]
[WhiteElo "2616"]
[BlackElo "3045"]
[WhiteTeam "AZE"]
[BlackTeam "SLO"]
[WhiteClock "0:00:08"]
[BlackClock "0:01:51"]

1. d4 Nf6 2. Nf3 e6 3. Bg5 h6 4. Bh4 c5 5. e3 b6 6. Nbd2 Bb7 7. a4 Be7 8. c3 O-O 9. Bd3 Nc6 10. O-O d5 11. Qe2 Rc8 12. Rfd1 Ne4 13. Bxe7 Nxe7 14. Ne5 Nd6 15. h3 Qc7 16. Qh5 Bc6 17. Nxc6 Nxc6 18. Nf3 f5 19. Qh4 Ne4 20. Bb5 Rf6 21. Qf4 Qxf4 22. exf4 Na5 23. Ba6 Rc7 24. Rab1 c4 25. Ne5 Nd6 26. h4 h5 27. f3 Kf8 28. Kf2 Ke7 29. Rg1 Kd8 30. Ke3 Re7 31. g4 fxg4 32. fxg4 hxg4 33. Rxg4 Kc7 34. Rh1 Nc6 35. h5 Nb8 36. Bb5 a6 37. Rhg1 axb5 0-1

[Event "December 12 Late 2023"]
[Site "https://www.chess.com"]
[Date "2023.12.12"]
[Round "4"]
[White "Rojas Alarcon, Julian Antonio"]
[Black "Bortnyk, Olexandr"]
[Result "0-1"]
[Board "27"]
[TimeControl "180+1"]
[WhiteFideId "5107407"]
[BlackFideId "14120828"]
[WhiteElo "2612"]
[BlackElo "2978"]
[WhiteTeam "MEX"]
[BlackTeam "UKR"]
[WhiteClock "0:00:10"]
[BlackClock "0:02:15"]

1. c4 d6 2. g3 g6 3. Bg2 Bg7 4. Nc3 Nc6 5. d3 e5 6. Rb1 a5 7. a3 f5 8. b4 axb4 9. axb4 e4 10. Nd5 exd3 11. exd3 Nge7 12. Ne2 Nxd5 13. Bxd5 Ne7 14. Bg2 O-O 15. O-O c6 16. b5 Be6 17. bxc6 bxc6 18. Be3 Qd7 19. Re1 Ra2 20. Nd4 f4 21. Nxe6 fxe3 22. Rxe3 Rfxf2 23. Rb8+ Nc8 24. Bh3 Bd4 25. Rxc8+ Qxc8 26. Nxd4 Qxh3 0-1

[Event "December 12 Late 2023"]
[Site "https://www.chess.com"]
[Date "2023.12.12"]
[Round "4"]
[White "Olenik Campa, Rudi"]
[Black "Svane, Frederik"]
[Result "1-0"]
[Board "28"]
[TimeControl "180+1"]
[WhiteFideId "14633264"]
[BlackFideId "12923044"]
[WhiteElo "2604"]
[BlackElo "2967"]
[WhiteTeam "SLO"]
[BlackTeam "GER"]
[WhiteClock "0:00:08"]
[BlackClock "0:00:08"]

1. e4 e6 2. d4 d5 3. exd5 exd5 4. Nf3 Nc6 5. c3 Bd6 6. Bd3 Nge7 7. O-O O-O 8. Nbd2 Bf5 9. Qc2 Qd7 10. Re1 Rfe8 11. Nf1 Bxd3 12. Qxd3 Nf5 13. Bd2 Nce7 14. Ng3 Nxg3 15. hxg3 c6 16. Re2 Ng6 17. Rae1 f6 18. Nh4 Rxe2 19. Rxe2 Nxh4 20. gxh4 Re8 21. g3 g6 22. Kg2 Kf7 23. Rxe8 Qxe8 24. Qe3 Qe4+ 25. Qxe4 dxe4 26. Kf1 Ke6 27. c4 Kf5 28. Ke2 h5 29. d5 cxd5 30. cxd5 Be5 31. b4 Bd4 32. Bf4 g5 33. Bc7 gxh4 34. gxh4 a6 35. f3 b5 36. Bb8 exf3+ 37. Kxf3 Be5 38. Ba7 Bd6 39. Bc5 Bxc5 40. bxc5 Ke5 41. c6 Kd6 42. Kf4 a5 43. Kf5 b4 44. Kxf6 a4 45. c7 Kxc7 46. Ke7 b3 47. d6+ Kb7 48. axb3 axb3 49. d7 b2 50. d8=Q b1=Q 51. Qd7+ Kb6 52. Qe6+ Kc7 53. Qe5+ Kc6 54. Qxh5 Qe4+ 55. Kf7 Qf4+ 56. Kg7 Qd4+ 57. Kh7 Qf4 58. Qh6+ Qxh6+ 59. Kxh6 Kb5 60. Kg7 Kc4 61. h5 Kd3 62. h6 Ke2 63. h7 Kf1 64. h8=Q Kg2 65. Qh5 Kf1 66. Qh2 Ke1 67. Qg2 Kd1 68. Qf2 Kc1 69. Qe2 1-0

[Event "December 12 Late 2023"]
[Site "https://www.chess.com"]
[Date "2023.12.12"]
[Round "4"]
[White "Mendez Fortes, Eduardo Jesus"]
[Black "Zhigalko, Sergei"]
[Result "1-0"]
[Board "29"]
[TimeControl "180+1"]
[WhiteFideId "3502376"]
[BlackFideId "13502956"]
[WhiteElo "2596"]
[BlackElo "2961"]
[WhiteTeam "CUB"]
[BlackTeam "BLR"]
[WhiteClock "0:01:34"]
[BlackClock "0:00:05"]

1. e4 c5 2. Nf3 Nc6 3. d4 cxd4 4. Nxd4 Nf6 5. Nc3 e5 6. Ndb5 d6 7. Bg5 a6 8. Na3 b5 9. Nd5 Be7 10. Bxf6 Bxf6 11. c4 b4 12. Nc2 O-O 13. Qf3 Bg5 14. h4 Bh6 15. g4 Bf4 16. Be2 Be6 17. Nxf4 exf4 18. Qxf4 Ne5 19. Ne3 Qb6 20. Rd1 a5 21. h5 f6 22. Qg3 b3 23. a3 Rad8 24. f4 Nc6 25. g5 fxg5 26. f5 Bf7 27. h6 gxh6 28. Rxh6 Kh8 29. Qxg5 Rg8 30. Qf6+ Rg7 31. Kf2 Rg8 32. Rxh7+ Kxh7 33. Rh1+ Bh5 34. Rxh5# 1-0

[Event "December 12 Late 2023"]
[Site "https://www.chess.com"]
[Date "2023.12.12"]
[Round "4"]
[White "Khismatullin, Denis"]
[Black "Kavyev, Ruslan"]
[Result "1-0"]
[Board "30"]
[TimeControl "180+1"]
[WhiteFideId "4142578"]
[BlackFideId "34110981"]
[WhiteElo "2951"]
[BlackElo "2594"]
[WhiteTeam "RUS"]
[BlackTeam "RUS"]
[WhiteClock "0:01:41"]
[BlackClock "0:00:41"]

1. c4 Nf6 2. Nc3 g6 3. g3 Bg7 4. Bg2 O-O 5. d3 c5 6. Rb1 d6 7. a3 a5 8. e3 Nc6 9. Nge2 Qd7 10. O-O b6 11. b3 Bb7 12. d4 Qc7 13. Bb2 Rfd8 14. d5 Ne5 15. Qd2 Re8 16. f4 Ned7 17. Rbd1 Rad8 18. h3 Nf8 19. e4 e6 20. g4 exd5 21. exd5 Bc8 22. Ng3 h6 23. g5 N6h7 24. Nce4 Bxb2 25. Qxb2 hxg5 26. fxg5 Re5 27. h4 Rde8 28. Rf4 R8e7 29. Rdf1 Qd8 30. Qf2 Qe8 31. Nxd6 Qd7 32. Nxf7 Re3 33. Nh6+ Kg7 34. Rxf8 1-0

[Event "December 12 Late 2023"]
[Site "https://www.chess.com"]
[Date "2023.12.12"]
[Round "4"]
[White "Ballester Llagaria, Luis Eduardo"]
[Black "Bok, Benjamin"]
[Result "0-1"]
[Board "31"]
[TimeControl "180+1"]
[WhiteFideId "2297620"]
[BlackFideId "1017063"]
[WhiteElo "2588"]
[BlackElo "2932"]
[WhiteTeam "ESP"]
[BlackTeam "NED"]
[WhiteClock "0:00:26"]
[BlackClock "0:01:35"]

1. e4 c5 2. Nc3 d6 3. d4 cxd4 4. Qxd4 Nc6 5. Qd2 g6 6. b3 Bh6 7. f4 Nf6 8. Bb2 O-O 9. O-O-O a5 10. a4 Nb4 11. Bc4 Bg4 12. Nf3 Rc8 13. Kb1 Rxc4 14. bxc4 Qc8 15. Nd5 Nfxd5 16. cxd5 Qc4 17. c3 Qa2+ 18. Kc1 Rc8 19. Nd4 Bxd1 20. Rxd1 Qxa4 21. g3 Na2+ 22. Kb1 Nxc3+ 23. Bxc3 Rxc3 24. Qxc3 Qxd1+ 25. Kb2 Bg7 26. Qc8+ Bf8 27. Nc2 b5 28. e5 dxe5 29. fxe5 Qxd5 0-1

[Event "December 12 Late 2023"]
[Site "https://www.chess.com"]
[Date "2023.12.12"]
[Round "4"]
[White "Durarbayli, Vasif"]
[Black "Aghasiyev, Kamal"]
[Result "1-0"]
[Board "32"]
[TimeControl "180+1"]
[WhiteFideId "13402935"]
[BlackFideId "13402854"]
[WhiteElo "2907"]
[BlackElo "2582"]
[WhiteTeam "AZE"]
[BlackTeam "AZE"]
[WhiteClock "0:00:06"]
[BlackClock "0:00:00"]

1. c4 e5 2. g3 Nf6 3. Bg2 d5 4. cxd5 Nxd5 5. Nc3 Nf6 6. d3 Nc6 7. Bxc6+ bxc6 8. Nf3 Bd6 9. O-O O-O 10. Qa4 c5 11. Bg5 h6 12. Bxf6 Qxf6 13. Ne4 Qe7 14. Rac1 Bb7 15. Qc4 Rab8 16. b3 Bxe4 17. dxe4 Rb4 18. Qc2 c4 19. bxc4 Bc5 20. Ne1 Rfb8 21. Nd3 R4b6 22. Rb1 Qd6 23. e3 f6 24. Rb3 Qc6 25. Rc1 a5 26. Qd1 Bf8 27. Rxb6 cxb6 28. f3 Rd8 29. Qb3 a4 30. Qc2 Bc5 31. Kf2 Qd6 32. Rd1 Kh7 33. Nb2 Qe7 34. Rxd8 Qxd8 35. Nxa4 Qa8 36. Nxc5 bxc5 37. a4 Qa5 38. g4 Qb6 39. h4 h5 40. gxh5 Kh6 41. Qd2 Kxh5 42. a5 Qa6 43. Qa2 Kxh4 44. Qa4 Qe6 45. Ke2 Qh3 46. Qa1 Qg2+ 47. Kd3 Qxf3 48. a6 f5 49. exf5 e4+ 50. Kc2 Qe2+ 51. Kb3 Qd3+ 52. Qc3 Qb1+ 53. Qb2 Qd3+ 54. Ka4 Qxc4+ 55. Ka5 Qd5 56. a7 c4+ 57. Qb5 Qd8+ 58. Qb6 Qa8 59. Ka6 1-0

[Event "December 12 Late 2023"]
[Site "https://www.chess.com"]
[Date "2023.12.12"]
[Round "4"]
[White "Laddha, Shubh Jayesh"]
[Black "Chigaev, Maksim"]
[Result "0-1"]
[Board "33"]
[TimeControl "180+1"]
[WhiteFideId "30942799"]
[BlackFideId "4108116"]
[WhiteElo "2582"]
[BlackElo "2901"]
[WhiteTeam "USA"]
[BlackTeam "ESP"]
[WhiteClock "0:00:18"]
[BlackClock "0:00:09"]

1. d4 Nf6 2. Nc3 d5 3. Bf4 g6 4. e3 Nh5 5. Be5 f6 6. Bg3 c6 7. Be2 Nxg3 8. hxg3 e5 9. Qd3 e4 10. Qd2 f5 11. Nh3 Bg7 12. Nf4 Qd6 13. O-O-O Nd7 14. f3 Nf6 15. Rdg1 Bd7 16. g4 fxg4 17. fxe4 dxe4 18. Bc4 O-O-O 19. Nce2 Kb8 20. Ng3 Bc8 21. Qa5 h5 22. Qe5 Bh6 23. Qxd6+ Rxd6 24. Nge2 h4 25. Kd2 Bxf4 26. Nxf4 g5 27. Ng6 Rhd8 28. Ne5 Be6 29. Bxe6 Rxe6 30. Rf1 c5 31. c3 cxd4 32. cxd4 g3 33. Rf5 Rb6 34. b3 Ra6 35. a4 Rb6 36. Kc3 Nd5+ 37. Kb2 Nxe3 38. Rxg5 Nxg2 39. Rg7 Rbd6 40. Nf7 R6d7 41. Rg1 Ne3 42. Rh7 Nf5 43. Rf1 g2 44. Rg1 Ne3 45. Rxh4 Rxf7 46. Rxe4 Rf1 47. Rxe3 Rxg1 48. Rg3 a5 49. d5 Rxd5 50. Ka2 Ka7 51. b4 Rgd1 52. Rxg2 R1d2+ 53. Rxd2 Rxd2+ 54. Kb3 axb4 55. Kc4 Rd6 56. Kb3 Ra6 57. Kxb4 Kb6 58. a5+ Rxa5 59. Kb3 Rc5 0-1

[Event "December 12 Late 2023"]
[Site "https://www.chess.com"]
[Date "2023.12.12"]
[Round "4"]
[White "Rodrigue-Lemieux, Shawn"]
[Black "Sivakumar, Shaaketh"]
[Result "1-0"]
[Board "34"]
[TimeControl "180+1"]
[WhiteFideId "2620049"]
[BlackFideId "30940176"]
[WhiteElo "2884"]
[BlackElo "2580"]
[WhiteTeam "CAN"]
[BlackTeam "USA"]
[WhiteClock "0:00:25"]
[BlackClock "0:00:23"]

1. d4 e6 2. Nf3 f5 3. Nc3 Nf6 4. Bg5 Bb4 5. Qd3 d5 6. Nd2 O-O 7. f3 c5 8. e3 Nc6 9. a3 cxd4 10. exd4 Bd6 11. O-O-O Bd7 12. h3 a6 13. g4 Ne7 14. Rg1 h6 15. Bh4 g5 16. Bf2 Rc8 17. h4 Bf4 18. hxg5 hxg5 19. Be3 Bxe3 20. Qxe3 f4 21. Qe5 Nh7 22. Bd3 Nc6 23. Qe1 Nxd4 24. Rh1 Rf7 25. Qf2 Qf6 26. Bxh7+ Rxh7 27. Rxh7 Kxh7 28. Nde4 dxe4 29. Nxe4 Qe5 30. Qxd4 Qxd4 31. Rxd4 Bc6 32. Nxg5+ Kg6 33. Nxe6 Bxf3 34. Rxf4 Bd5 35. Nd4 Rh8 36. b3 Rh1+ 37. Kb2 Rg1 38. a4 a5 39. Nf5 Re1 40. Rd4 Bc6 41. Rd3 Kg5 42. Nd4 Be4 43. Nf3+ Bxf3 44. Rxf3 Kxg4 45. Rf7 1-0

[Event "December 12 Late 2023"]
[Site "https://www.chess.com"]
[Date "2023.12.12"]
[Round "4"]
[White "Assylov, Miras"]
[Black "Demchenko, Anton"]
[Result "0-1"]
[Board "35"]
[TimeControl "180+1"]
[WhiteFideId "13728873"]
[BlackFideId "4160258"]
[WhiteElo "2578"]
[BlackElo "2878"]
[WhiteTeam "KAZ"]
[BlackTeam "SLO"]
[WhiteClock "0:00:02"]
[BlackClock "0:00:51"]

1. b3 g6 2. Bb2 Nf6 3. Bxf6 exf6 4. c4 d5 5. cxd5 Qxd5 6. Nc3 Qd8 7. e3 c6 8. Nge2 Ba3 9. d4 Qe7 10. g3 Bf5 11. Bg2 Bb2 12. O-O Bxa1 13. Qxa1 O-O 14. Rc1 Na6 15. d5 c5 16. d6 Qxd6 17. Bxb7 Nb4 18. Rd1 Qe5 19. Bxa8 Rxa8 20. Nf4 Kg7 21. Ncd5 Nc2 22. Qxe5 fxe5 23. Nd3 e4 24. Nxc5 Rc8 25. Na4 Na3 26. Ne7 Rc2 27. Nxf5+ gxf5 28. Rd5 Kg6 29. Ra5 Nb1 30. Rxa7 Nd2 31. Kg2 Nf3 32. g4 fxg4 33. Kg3 h5 34. Ra6+ Kg5 35. Nb6 h4+ 36. Kg2 Rc1 37. Ra5+ f5 0-1

[Event "December 12 Late 2023"]
[Site "https://www.chess.com"]
[Date "2023.12.12"]
[Round "4"]
[White "Hajiyev, Kanan"]
[Black "Tari, Aryan"]
[Result "1/2-1/2"]
[Board "36"]
[TimeControl "180+1"]
[WhiteFideId "13404148"]
[BlackFideId "1510045"]
[WhiteElo "2575"]
[BlackElo "2866"]
[WhiteTeam "AZE"]
[BlackTeam "NOR"]
[WhiteClock "0:00:08"]
[BlackClock "0:00:06"]

1. d4 d5 2. Nf3 Nf6 3. c4 e6 4. cxd5 exd5 5. Nc3 Bb4 6. Qb3 c5 7. a3 Bxc3+ 8. bxc3 c4 9. Qc2 Qa5 10. Nd2 O-O 11. e3 Nc6 12. Be2 Ne7 13. O-O Bf5 14. Qb2 b6 15. Qb4 Nc8 16. Qxa5 bxa5 17. Bf3 Nb6 18. a4 Bd3 19. Re1 Ne4 20. Nxe4 dxe4 21. Bd1 Nd5 22. Ba3 Nxc3 23. Bxf8 Kxf8 24. f3 f5 25. fxe4 fxe4 26. Bg4 Ke7 27. h4 Nd5 28. h5 c3 29. Bf5 h6 30. g4 Rb8 31. Kf2 Rb2+ 32. Kg3 Nb4 33. Kf4 Nc2 34. Bxe4 Nxe1 35. Rxe1 Bxe4 36. Kxe4 c2 37. Rc1 Ra2 38. Ke5 Rb2 39. e4 Kd7 40. d5 Ke7 41. d6+ Kd7 42. Kd5 Rb1 43. Rxc2 Rd1+ 44. Ke5 Rxd6 45. Rc5 Re6+ 46. Kf5 Rf6+ 47. Ke5 a6 48. Rd5+ Ke7 49. Rc5 Rb6 50. Rc7+ Kf8 51. Kf5 Rb4 52. e5 Rxa4 53. e6 Rd4 54. Rc8+ Ke7 55. Rc7+ Kf8 56. Rf7+ Kg8 57. Ra7 Kf8 58. Ra8+ Ke7 59. Ra7+ Kf8 60. Rxa6 Ra4 61. g5 hxg5 62. Ra8+ Ke7 63. Ra7+ Kf8 64. Kg6 Re4 65. Rf7+ Ke8 66. Kxg7 Rxe6 67. Rf8+ Ke7 68. Rf7+ Ke8 69. Rf8+ Ke7 70. Ra8 Re5 71. h6 g4 72. Ra7+ Ke6 73. Ra6+ Kf5 74. h7 Re7+ 75. Kg8 Re8+ 76. Kf7 Rb8 77. Rxa5+ Kf4 78. Rd5 g3 79. Rd4+ Ke3 80. Rg4 Rh8 81. Kg7 Rxh7+ 82. Kxh7 Kf3 83. Rg7 g2 84. Kh6 Kf2 85. Rxg2+ Kxg2 1/2-1/2

[Event "December 12 Late 2023"]
[Site "https://www.chess.com"]
[Date "2023.12.12"]
[Round "4"]
[White "Espinoza Villanueva, Rodrigo"]
[Black "Zwirs, Nico"]
[Result "0-1"]
[Board "37"]
[TimeControl "180+1"]
[WhiteFideId "5140188"]
[BlackFideId "1036432"]
[WhiteElo "2569"]
[BlackElo "2855"]
[WhiteTeam "MEX"]
[BlackTeam "NED"]
[WhiteClock "0:01:19"]
[BlackClock "0:00:38"]

1. d4 d5 2. c4 e6 3. Nc3 Nf6 4. cxd5 exd5 5. Bg5 c6 6. e3 Bd6 7. Bd3 O-O 8. Nge2 Re8 9. Qc2 h6 10. h4 a5 11. O-O-O Na6 12. a3 b5 13. Bxf6 Qxf6 14. e4 Qxf2 15. e5 b4 16. Rdf1 Qe3+ 17. Kb1 bxc3 18. Qxc3 Bxe5 19. dxe5 Qxe5 20. Qc2 Be6 21. Nf4 Reb8 22. g4 Rxb2+ 23. Qxb2 Rb8 24. Rh2 Rxb2+ 25. Rxb2 Nc5 26. Bc2 g6 27. g5 hxg5 28. hxg5 Qxg5 29. Nxe6 Nxe6 30. Rb7 Nf4 31. Rc7 d4 32. a4 d3 0-1

[Event "December 12 Late 2023"]
[Site "https://www.chess.com"]
[Date "2023.12.12"]
[Round "4"]
[White "Filgueira, Hernan"]
[Black "Riehle, Marco"]
[Result "0-1"]
[Board "38"]
[TimeControl "180+1"]
[WhiteFideId "101770"]
[BlackFideId "12904392"]
[WhiteElo "2565"]
[BlackElo "2846"]
[WhiteTeam "ARG"]
[BlackTeam "GER"]
[WhiteClock "0:00:08"]
[BlackClock "0:00:47"]

1. b3 e5 2. Bb2 Nc6 3. e3 Nf6 4. Bb5 Bd6 5. Ne2 O-O 6. Ng3 a6 7. Be2 Re8 8. O-O b5 9. a4 b4 10. d3 Bf8 11. e4 d5 12. Nd2 Nd4 13. f4 Bc5 14. Kh1 exf4 15. Rxf4 Bb7 16. Bf3 Bd6 17. Rh4 Bxg3 18. hxg3 c5 19. e5 Rxe5 20. Bxd4 cxd4 21. Rxd4 Qe7 22. Nf1 Qc5 23. Rf4 Re6 24. Qd2 a5 25. g4 Nd7 26. g5 Rae8 27. Ng3 g6 28. Rf1 R6e7 29. Bg4 Qc7 30. Bxd7 Qxd7 31. Qf2 Qc7 32. d4 Rf8 33. Rf6 Bc8 34. Kg1 Qc3 35. Rf3 Qb2 36. Rf4 Ba6 37. Re1 Rxe1+ 38. Qxe1 Qxc2 39. Qe7 Qc1+ 40. Rf1 Bxf1 41. Nxf1 Qc3 0-1

[Event "December 12 Late 2023"]
[Site "https://www.chess.com"]
[Date "2023.12.12"]
[Round "4"]
[White "Gabuzyan, Hovhannes"]
[Black "Kashefi, Amir Hosein"]
[Result "1-0"]
[Board "39"]
[TimeControl "180+1"]
[WhiteFideId "13303732"]
[BlackFideId "12557935"]
[WhiteElo "2837"]
[BlackElo "2562"]
[WhiteTeam "ARM"]
[BlackTeam "IRI"]
[WhiteClock "0:02:13"]
[BlackClock "0:00:00"]

1. e4 c6 2. d4 d5 3. Nc3 dxe4 4. Nxe4 Nd7 5. Nf3 Ngf6 6. Nxf6+ Nxf6 7. Ne5 Bf5 8. c3 e6 9. g4 Bg6 10. h4 Bd6 11. Qe2 Bxe5 12. dxe5 Qd5 13. Rh3 Nd7 14. h5 Be4 15. f3 Bxf3 16. Rxf3 Nxe5 17. Re3 f6 18. Bg2 Qd6 19. Bd2 O-O-O 20. O-O-O Rhe8 21. Be4 g6 22. Bc2 Qd5 23. Bb3 Qa5 24. g5 gxh5 25. gxf6 Ng4 26. Bxe6+ Kb8 27. Bxg4 Rxe3 28. Bxe3 Rxd1+ 29. Qxd1 hxg4 30. f7 1-0

[Event "December 12 Late 2023"]
[Site "https://www.chess.com"]
[Date "2023.12.12"]
[Round "4"]
[White "Hong, Andrew"]
[Black "Miranda, Rafael"]
[Result "0-1"]
[Board "40"]
[TimeControl "180+1"]
[WhiteFideId "2099438"]
[BlackFideId "130990"]
[WhiteElo "2828"]
[BlackElo "2559"]
[WhiteTeam "USA"]
[BlackTeam "ARG"]
[WhiteClock "0:00:04"]
[BlackClock "0:00:14"]

1. e4 c5 2. Nc3 d6 3. d4 cxd4 4. Qxd4 Nc6 5. Qd2 Nf6 6. b3 g6 7. Bb2 Bg7 8. O-O-O O-O 9. f4 Bd7 10. Nf3 Rc8 11. e5 Ne8 12. h4 Bf5 13. h5 Nb4 14. Nd4 dxe5 15. fxe5 Bxe5 16. hxg6 Bxg6 17. Qe3 Qc7 18. Rh4 Bf6 19. g3 Bxd4 20. Qxd4 Nxa2+ 21. Kd2 Nxc3 22. Qxc3 Qd6+ 23. Ke1 Rxc3 24. Rxd6 Rxc2 25. Rxg6+ fxg6 26. Bc4+ Rf7 27. Bxf7+ Kxf7 28. Rxh7+ Ke6 29. Bd4 a5 30. Bb6 Rb2 31. Bd8 Nf6 32. Rxe7+ Kd5 33. Rxb7 Ne4 34. Bxa5 Kd4 35. b4 Ke3 36. Kd1 Nf2+ 37. Kc1 Nd3+ 38. Kd1 Rd2# 0-1